 Dungeon Crawl Stone Soup version 0.26.1-11-gd32895ea62 (webtiles) character file.

Game seed: 12217117268950926938

63 Zeld the Digger (level 4, -2/25 HPs)
             Began as a Gargoyle Earth Elementalist on June 10, 2021.
             Killed from afar by Ijyb (4 damage)
             ... with a puff of flame
             ... on level 3 of the Dungeon.
             The game lasted 00:03:09 (2565 turns).

Zeld the Digger (Gargoyle Earth Elementalist)       Turns: 2565, Time: 00:03:10

Health: -2/25      AC:  7    Str: 11    XL:     4   Next: 9%
Magic:  0/7        EV: 12    Int: 17    God:
Gold:   147        SH:  3    Dex: 10    Spells: 1/7 levels left

rFire    . . .     SeeInvis .   (no weapon)
rCold    . . .     Faith    .   h - +0 buckler
rNeg     + . .     Spirit   .   c - +0 robe
rPois    ∞         Reflect  .   (no helmet)
rElec    +         Harm     .   (no cloak)
rCorr    .         Rampage  .   k - +0 pair of gloves
Will     .....                  t - +0 pair of boots
Stlth    ++........             (no amulet)
HPRegen  0.08/turn              (no ring)
MPRegen  0.10/turn              (no ring)

@: no status effects
A: negative energy resistance 1, electricity resistance, unbreathing,
petrification resistance, miasma immunity, AC +3
a: no special abilities


You were on level 3 of the Dungeon.
You visited 1 branch of the dungeon, and saw 3 of its levels.

You collected 147 gold pieces.

Inventory:

Missiles
 b - 84 stones (quivered)
Armour
 c - a +0 robe (worn)
 h - a +0 buckler (worn)
 k - a +0 pair of gloves (worn)
 t - a +0 pair of boots (worn)
Scrolls
 a - a scroll of fog {unknown}
 e - 2 scrolls of magic mapping {unknown}
 f - 2 scrolls of immolation {unknown}
 g - 2 scrolls of enchant weapon {unknown}
 i - a scroll of blinking {unknown}
 j - a scroll of random uselessness {unknown}
 n - a scroll of teleportation {unknown}
 p - 2 scrolls of remove curse {unknown}
 s - a scroll of identify {unknown}
Potions
 d - a potion of ambrosia {unknown}
 l - 2 potions of brilliance {unknown}
 m - a potion of lignification {unknown}
 o - 2 potions of resistance {unknown}
 q - a potion of haste {unknown}
 r - a potion of berserk rage {unknown}
 u - a potion of heal wounds {unknown}
 v - a potion of might {unknown}
 w - a potion of degeneration {unknown}
 x - a potion of curing {unknown}


   Skills:
 + Level 1.0 Fighting
 + Level 2.0 Dodging
 - Level 2.1 Stealth
 * Level 1.9 Shields
 + Level 2.3 Spellcasting
 - Level 0.7 Transmutations
 * Level 4.4 Earth Magic


You had one spell level left.
You knew the following spells:

 Your Spells              Type           Power        Failure   Level
a - Sandblast             Erth           32%          4%          1
b - Passwall              Tmut/Erth      8%           13%         2
c - Stone Arrow           Conj/Erth      18%          28%         3

Your spell library contained the following spells:

 Spells                   Type           Power        Failure   Level
 Petrify                  Tmut/Erth      10%          63%         4
 Lee's Rapid Deconstruct  Erth           8%           73%         5


Dungeon Overview and Level Annotations

Branches:
Dungeon (3/15)

Altars:

Annotations:
D:3 Ijyb


Innate Abilities, Weirdness & Mutations

You are resistant to torment.
Your stone body is resilient. (AC +3)
You are immune to poison.
You resist negative energy. (rN+)
You are resistant to electric shocks. (rElec)
You can survive without breathing.
You are immune to petrification.
You are immune to miasma.


Message History

Ijyb zaps a wand.
The puff of flame hits you!
Casting: Sandblast (safe; 4% risk of failure)
Confirm with . or Enter, or press ? or * to list all spells.
Aiming: Sandblast (safe; 4% risk of failure)
Press: ? - help, Shift-Dir - straight line, f/p - Ijyb
Aim: Ijyb, wearing a +0 leather armour and carrying a wand of flame (5) (severely wounded, 26% to evade)
The blast of sand misses Ijyb.
b - 85 stones Ijyb zaps a wand.
The puff of flame hits you!
* * * LOW HITPOINT WARNING * * *
Casting: Sandblast (safe; 4% risk of failure)
Confirm with . or Enter, or press ? or * to list all spells.
Aiming: Sandblast (safe; 4% risk of failure)
Press: ? - help, Shift-Dir - straight line, f/p - Ijyb
Aim: Ijyb, wearing a +0 leather armour and carrying a wand of flame (4) (severely wounded, 26% to evade)
The blast of sand hits Ijyb but does no damage.
Ijyb is severely wounded.
b - 84 stones Ijyb zaps a wand.
The puff of flame hits you.
You die...

#...#.....#...#..≈≈# #
#...#.....#...#..≈≈# ##
#.†.#...(.#...#..≈≈###.
##'##.....##'##..≈≈##..
#............#...≈≈...(
#............#...≈≈####
#...##########...≈≈# #
#...#...)...#####≈≈#
#...'.@).g..+ ≈≈#
#...'.......# ≈≈#
############# ###


You could see Ijyb.

Vanquished Creatures
  2 adders (D:3)
  A leopard gecko (D:3)
  10 goblins
  4 hobgoblins
  8 jackals
  A quokka (D:3)
  4 bats
  5 kobolds
  4 rats
39 creatures vanquished.

Notes
Turn   | Place    | Note
-------+----------+-------------------------------------------
     0 | D:1      | Zeld the Gargoyle Earth Elementalist began the quest for
                  | the Orb.
     0 | D:1      | Reached XP level 1. HP: 10/10 MP: 3/3
   847 | D:2      | Reached XP level 2. HP: 3/16 MP: 0/5
   850 | D:2      | Learned a level 2 spell: Passwall
  1387 | D:2      | Reached skill level 1 in Shields
  1387 | D:2      | Reached skill level 4 in Earth Magic
  1822 | D:2      | Reached XP level 3. HP: 20/20 MP: 2/6
  1826 | D:2      | Learned a level 3 spell: Stone Arrow
  2170 | D:3      | Reached skill level 1 in Fighting
  2376 | D:3      | Reached XP level 4. HP: 25/25 MP: 5/7
  2556 | D:3      | Noticed Ijyb
  2564 | D:3      | HP: 1/25 [Ijyb/puff of flame (8)]
  2565 | D:3      | Killed from afar by Ijyb

Illustrated notes

Levels and vault maps discovered:
D:1:      evilmike_arrival_hilbert_curve, layout_rooms
D:2:      layout_basic
D:3:      kennysheep_goblin_castle, layout_loops_corners

Skill      XL: |  1  2  3 |
---------------+----------+-----
Shields        | 1 |  1.9
Earth Magic    | 4 |  4.4
Fighting       | 1 |  1.0
Dodging        | 2 |  2.0
Stealth        | |  2.1
Spellcasting   | |  2.3
Transmutations | |  0.7

Action                   |  1- 3 |  4- 6 || total
-------------------------+-------+-------++-------
Melee: Unarmed           |    26 |       ||    26
 Cast: Sandblast         |    51 |    11 ||    62
Armor: Robe              |    32 |     1 ||    33
Dodge: Dodged            |    45 |     3 ||    48
Block: Buckler           |    11 |       ||    11
